 Dungeon Crawl Stone Soup version 0.28.0 (webtiles) character file.

Game seed: 17637022102339251027

4578 freelancePsychic the Covert (level 10, -4/76 HPs)
             Began as a Vampire Fire Elementalist on Feb 10, 2022.
             Was an Elder of Okawaru.
             Slain by a centaur (6 damage)
             ... on level 9 of the Dungeon.
             The game lasted 00:22:15 (11554 turns).

freelancePsychic the Covert (VpFE)                 Turns: 11554, Time: 00:22:16

Health: -4/76      AC:  4    Str: 11    XL:     10   Next: 18%
Magic:  14/15      EV: 20    Int: 17    God:    Okawaru [****..]
Gold:   442        SH:  0    Dex: 16    Spells: 9/16 levels left

rFire   . . .      SeeInvis +   B - +1 short sword (elec)
rCold   . . .      Faith    .   (no shield)
rNeg    . . .      Spirit   .   a - +0 robe
rPois   +          Reflect  .   (no helmet)
rElec   .          Harm     .   r - +1 cloak
rCorr   .          Rampage  .   (no gloves)
Will    .....                   (no boots)
Stlth   ++++++....              (no amulet)
HPRegen 0.42/turn               b - ring of poison resistance
MPRegen 0.14/turn               y - +4 ring of evasion

@: weak-willed, heroic, attractive, healing quickly
A: alive, fangs 3, see invisible, vampiric 2
a: Exsanguinate, Renounce Religion, Heroism, Finesse


You were on level 9 of the Dungeon.
You worshipped Okawaru.
Okawaru was greatly pleased with you.
You visited 1 branch of the dungeon, and saw 9 of its levels.

You collected 442 gold pieces.

Inventory:

Hand Weapons
 d - a +0 dagger
 B - a +1 short sword of electrocution (weapon)
Armour
 a - a +0 robe (worn)
 i - a +0 leather armour
 p - a +0 scale mail
 r - a +1 cloak (worn)
 x - the +7 Kryia's mail coat {PotionHeal*2 rC+}
   (You found it on level 6 of the Dungeon)

   Potions are twice as effective at healing its wearer.
   rC:        It protects you from cold.
Jewellery
 b - a ring of poison resistance (left hand)
 k - a ring of positive energy
 y - a +4 ring of evasion (right hand)
Wands
 m - a wand of iceblast (11)
 v - a wand of acid (6)
Scrolls
 c - 4 scrolls of immolation
 j - 3 scrolls of identify {@r1}
 o - 2 scrolls of amnesia {unknown}
 q - 3 scrolls of vulnerability
 t - 2 scrolls of enchant weapon
 u - 2 scrolls of enchant armour {unknown}
 w - a scroll of fog {unknown}
 C - 2 scrolls of blinking {unknown}
Potions
 e - a potion of flight {unknown}
 g - a potion of lignification {unknown}
 l - a potion of attraction
 s - a potion of berserk rage {unknown}
 z - a potion of ambrosia {unknown}
 A - 2 potions of heal wounds {unknown}


   Skills:
 + Level 5.8(10.8) Fighting
 - Level 4.5(10.0) Short Blades
 - Level 2.5(8.7) Long Blades
 - Level 3.2(8.2) Dodging
 - Level 10.0(15.0) Stealth
 - Level 0.8(5.8) Unarmed Combat
 - Level 3.5 Spellcasting
 - Level 0.6 Conjurations
 - Level 1.6 Hexes
 * Level 6.8 Transmutations
 - Level 3.9 Fire Magic
 * Level 6.2 Earth Magic
 - Level 0.8 Invocations


You had 9 spell levels left.
You knew the following spells:

 Your Spells              Type           Power      Damage    Failure   Level
a - Foxfire               Conj/Fire      40%        2x1d6     6%          1
b - Scorch                Fire           32%        2d6       4%          2
c - Petrify               Tmut/Erth      25%        N/A       11%         4

Your spell library contained the following spells:

 Spells                   Type           Power      Damage    Failure   Level
 Inner Flame              Hex/Fire       12%        N/A       16%         3
 Conjure Flame            Conj/Fire      10%        6-21      19%         3
 Flame Wave               Conj/Fire      10%        2d5       54%         4
 Statue Form              Tmut/Erth      16%        N/A       86%         6
 Metabolic Englaciation   Hex/Ice        2%         N/A       97%         5


Dungeon Overview and Level Annotations

Branches:
Dungeon (9/15)             Temple (0/1) D:6
   Lair: D:8-11         Orc: D:9-12

Altars:
Okawaru

Shops:
D:2 (   D:7 !

Annotations:
D:2 Natasha, Robin
D:7 Dowan, Duvessa


Innate Abilities, Weirdness & Mutations

Your natural rate of healing is accelerated.
You have razor-sharp teeth.
You have supernaturally acute eyesight. (SInv)
You are afflicted with vampirism and can become a bat while bloodless.


Message History

The steam dragon completely misses you. x2; The killer bee barely misses you.
You hit the steam dragon.
The steam dragon is almost dead.
The killer bee stings you.
The slime creature completely misses you.
The deep elf pyromancer is engulfed in a cloud of scalding steam.
The deep elf pyromancer mumbles some strange words.
The deep elf pyromancer blinks!
The steam dragon bites you! The steam dragon closely misses you.
You hit the steam dragon but do no damage.
Lightning courses through the steam dragon!!
You kill the steam dragon!
Okawaru accepts your kill. The killer bee stings you.
The killer bee closely misses you. The slime creature hits you!
The killer bee stings you!
There is a stone staircase leading up here.
The deep elf pyromancer casts a spell at you.
The sticky flame hits you!
You are covered in liquid flames!
The centaur wields a +0 shortbow.
The centaur shoots an arrow.
The arrow misses you. The bullfrog closely misses you.
As you read the scroll labelled RAHAABB ELYNA, it crumbles to dust.
Magic quickly surges around you.
It was a scroll of vulnerability.
You are covered in liquid flames!
The bullfrog hits you.
* * * LOW HITPOINT WARNING * * *
A wight comes into view. It is wielding a +2 mace of venom.
The yak barely misses you. The slime creature hits you!
* * * LOW HITPOINT WARNING * * *
You are covered in liquid flames!
* * * LOW HITPOINT WARNING * * *
You are no longer on fire.
The centaur unwields a +0 shortbow.
The centaur barely misses you. The centaur closely misses you.
The bullfrog misses you. The slime creature misses you.
It was a potion of attraction.
You feel attractive to monsters. The centaur hits you.
You die...

#..##!..# #.z#....#
#..#....# #..####......
.. #..........###...
#..# #..<....... #..#
#Ye........ #..#
#FJ........ #..#
#@c........
#..####.y........ #
#................
#.#####........#######.
#..............#
#..............#
######.........# #..#
#...^.....# #..#
######.........# #..#
...


You could see a slime creature (weak-willed), a deep elf pyromancer
(weak-willed), a yak (weak-willed), a bullfrog (weak-willed), a centaur
(weak-willed), a killer bee (weak-willed) and a wight.

Vanquished Creatures
  A troll (D:9)
  4 wyverns (D:9)
  2 steam dragons (D:9)
  2 acid dragons
  2 water moccasins
  3 orc warriors
  A black bear (D:9)
  5 ice beasts
  6 ogres
  3 centaurs (D:8)
  A necrophage (D:4)
  A wolf (D:9)
  A phantom (D:4)
  A kobold brigand (D:9)
  2 bullfrogs (D:8)
  A gnoll sergeant (D:5)
  3 scorpions
  An electric eel (D:8)
  A centaur zombie (D:5)
  A bullfrog skeleton (D:4)
  A bullfrog zombie (D:7)
  3 hounds
  2 centaur skeletons (D:7)
  A gnoll shaman (D:7)
  3 iguanas
  5 orc wizards
  A centaur simulacrum (D:8)
  2 howler monkey zombies
  11 gnolls
  8 adders
  5 white imps
  2 howler monkey simulacra (D:8)
  3 ufetubi
  2 worms (D:2)
  2 dart slugs
  15 orcs
  6 endoplasms
  2 giant cockroaches
  10 goblins
  6 hobgoblins
  12 kobolds
  5 quokkas
  4 ball pythons
  9 bats
  5 frilled lizards
  2 rats
169 creatures vanquished.

Vanquished Creatures (others)
  129 foxfires
  2 fungi (D:9)
  7 plants (D:9)
138 creatures vanquished.

Grand Total: 307 creatures vanquished

Notes
Turn   | Place    | Note
-------+----------+-------------------------------------------
     0 | D:1      | freelancePsychic the Vampire Fire Elementalist began the
                  | quest for the Orb.
     0 | D:1      | Reached XP level 1. HP: 13/13 MP: 3/3
   338 | D:1      | Found a faded altar of an unknown god.
   348 | D:1      | Reached XP level 2. HP: 19/19 MP: 0/5
   351 | D:1      | Prayed at the altar of an unknown god.
   351 | D:1      | Became a worshipper of Warmaster Okawaru
   351 | D:1      | Reached * piety under Okawaru
  1467 | D:2      | Gained mutation: You are afflicted with vampirism and can
                  | become a bat while bloodless. [Vampire growth]
  1467 | D:2      | Reached XP level 3. HP: 24/24 MP: 0/6
  1558 | D:2      | Learned a level 2 spell: Scorch
  1867 | D:2      | Noticed Robin
  1867 | D:2      | Noticed Natasha
  2334 | D:2      | Reached skill level 1 in Hexes
  2334 | D:2      | Reached XP level 4. HP: 30/30 MP: 0/7
  2415 | D:2      | Found Kiacw's Weapon Shoppe.
  3674 | D:4      | Reached XP level 5. HP: 27/35 MP: 4/9
  3821 | D:4      | Noticed a necrophage
  3837 | D:4      | Killed a necrophage
  3838 | D:4      | Reached skill level 1 in Long Blades
  4103 | D:4      | Noticed an ogre
  4112 | D:4      | Killed an ogre
  4113 | D:4      | Reached skill level 1 in Fighting
  4113 | D:4      | Reached XP level 6. HP: 43/43 MP: 1/11
  4342 | D:4      | Reached ** piety under Okawaru
  4430 | D:5      | Entered Level 5 of the Dungeon
  5059 | D:4      | Reached skill level 1 in Short Blades
  5059 | D:4      | Reached XP level 7. HP: 49/49 MP: 3/12
  5348 | D:5      | Reached skill level 4 in Stealth
  5924 | D:5      | Reached skill level 5 in Stealth
  6498 | D:5      | Reached XP level 8. HP: 58/58 MP: 8/13
  6674 | D:6      | Reached skill level 6 in Stealth
  6770 | D:6      | Reached *** piety under Okawaru
  7022 | D:6      | Found a staircase to the Ecumenical Temple.
  7073 | D:6      | Reached skill level 7 in Stealth
  7249 | D:6      | Found the +7 Kryia's mail coat {PotionHeal*2 rC+}
  7701 | D:7      | Reached skill level 1 in Transmutations
  7782 | D:7      | Noticed Dowan
  7840 | D:7      | Reached skill level 1 in Earth Magic
  8061 | D:8      | Noticed a polar bear
  8328 | D:7      | Found Diong's Distillery.
  8660 | D:7      | Noticed Duvessa
  9367 | D:7      | Reached skill level 8 in Stealth
  9494 | D:8      | Reached XP level 9. HP: 65/66 MP: 11/14
  9712 | D:7      | Reached **** piety under Okawaru
 10121 | D:9      | Noticed a deep elf pyromancer
 10135 | D:8      | Reached skill level 5 in Fighting
 10423 | D:8      | Reached skill level 5 in Transmutations
 10535 | D:8      | Reached skill level 9 in Stealth
 10683 | D:8      | Noticed a death yak
 10791 | D:9      | Reached skill level 5 in Earth Magic
 10803 | D:9      | Learned a level 4 spell: Petrify
 11105 | D:9      | Reached XP level 10. HP: 5/74 MP: 7/15
 11356 | D:9      | Received a gift from Okawaru
 11434 | D:9      | Reached skill level 10 in Stealth
 11553 | D:9      | HP: 1/76 [burnt (6)]
 11554 | D:9      | Slain by a centaur

Illustrated notes

Levels and vault maps discovered:
D:1:      dpeg_arrival_castle, layout_basic, hellmonk_ecumenical_altar_lost_god,
          eino_curves_01
D:2:      layout_loops_corners, serial_shops, shop, due_unseen_surprise,
          uniq_robin, uniq_natasha
D:3:      layout_loops_ring, minmay_unequal
D:4:      layout_rooms
D:5:      layout_basic, kennysheep_generic_room_11
D:6:      lemuel_ice_spiral_2, layout_basic, minmay_temple_entry_glassed_door
D:7:      layout_loops_corners, serial_shops, shop, kennysheep_generic_room_5,
          uniq_duvessa
D:8:      layout_basic, amcnicky_altar_gilded, serial_ice, serial_ice_k,
          serial_ice_n, serial_ice_b, serial_ice_f, serial_ice_h,
          kennysheep_generic_room_6
D:9:      layout_small_grid, minmay_lair_entry_grove, orc_0_dummy, minmay_bent

Skill      XL: |  1  2  3  4  5  6  7  8  9 10 |
---------------+-------------------------------+-----
Fire Magic     | 3 |  3.9
Hexes          | 1 |  1.6
Spellcasting   | 3 |  3.5
Long Blades    | 2 |  2.5
Fighting       | 1 3 4 5 |  5.8
Dodging        | 3 |  3.2
Short Blades   | 1 4 |  4.5
Stealth        | 5 8 9 10 | 10.0
Transmutations | 3 6 |  6.8
Earth Magic    | 3 5 6 |  6.2
Unarmed Combat | |  0.8
Conjurations   | |  0.6
Invocations    | |  0.8

Action                   |  1- 3 |  4- 6 |  7- 9 | 10-12 || total
-------------------------+-------+-------+-------+-------++-------
Melee: Unarmed           |     5 |       |       |       ||     5
       Bite              |     7 |     7 |    34 |     2 ||    50
       Short sword       |    38 |    51 |   187 |    22 ||   298
       Punch             |     2 |       |     9 |     1 ||    12
       Dagger            |       |       |    58 |       ||    58
 Cast: Foxfire           |    38 |    20 |    24 |       ||    82
       Scorch            |    15 |    42 |   117 |     1 ||   175
       Petrify           |       |       |     7 |     5 ||    12
Invok: Heroism           |     1 |       |     5 |     1 ||     7
  Use: Scroll            |       |     4 |       |     3 ||     7
       Potion            |       |       |     1 |     1 ||     2
 Stab: Sleeping          |     3 |     5 |     4 |       ||    12
       Petrified         |       |       |     1 |     3 ||     4
       Petrifying        |       |       |       |     5 ||     5
Armor: Robe              |    11 |       |    41 |     1 ||    53
       Leather armour    |     1 |    14 |    15 |       ||    30
       Scale mail        |       |       |    16 |       ||    16
Dodge: Dodged            |    43 |    45 |   277 |    31 ||   396
